 Dungeon Crawl Stone Soup version 0.23.2-1-ga50397a (webtiles) character file.

Game seed: 13444987735084240497

81 doot the Magician (level 4, -1/24 HPs)
             Began as a Deep Elf Wizard on May 20, 2019.
             Killed from afar by Ijyb (12 damage)
             ... with a wand of flame (10)
             ... on level 3 of the Dungeon.
             The game lasted 00:06:12 (2647 turns).

doot the Magician (Deep Elf Wizard)                 Turns: 2647, Time: 00:06:12

Health: -1/24      AC:  4    Str:  4    XL:     4   Next: 19%
Magic:  4/14       EV: 13    Int: 24    God:
Gold:   163        SH:  0    Dex: 13    Spells: 4/15 levels left

rFire    . . .     SeeInvis .   e - +0 dagger
rCold    . . .     Gourm    .   (no shield)
rNeg     . . .     Faith    .   a - +0 robe
rPois    .         Spirit   .   b - +0 hat
rElec    .         Reflect  .   (no cloak)
rCorr    .         Harm     .   l - +1 pair of gloves
MR       .....                  (no boots)
Stlth    ++........             h - amulet of magic regeneration
HPRegen  0.08/turn              (no ring)
MPRegen  0.39/turn              (no ring)

@: very slightly contaminated
A: no striking features
a: no special abilities


You were on level 3 of the Dungeon.
You were not hungry.

You visited 1 branch of the dungeon, and saw 4 of its levels.

You collected 163 gold pieces.

Inventory:

Hand Weapons
 e - a +0 dagger (weapon)
Armour
 a - a +0 robe (worn)
 b - a +0 hat (worn)
 j - a +0 pair of gloves
 l - a +1 pair of gloves (worn)
Jewellery
 h - an amulet of magic regeneration (around neck)
Wands
 m - a wand of paralysis (11)
Scrolls
 c - 2 scrolls of enchant weapon {unknown}
 f - 3 scrolls of teleportation {unknown}
 g - a scroll of amnesia {unknown}
 k - 5 scrolls of identify {unknown}
 n - a scroll of remove curse {unknown}
 q - a scroll of immolation {unknown}
Potions
 i - 2 potions of might {unknown}
 o - a potion of curing {unknown}
 p - a potion of heal wounds {unknown}
 s - a potion of haste {unknown}
 t - 2 potions of berserk rage {unknown}
Comestibles
 d - 6 rations
 r - a chunk of flesh


   Skills:
 - Level 0.1 Short Blades
 + Level 2.9 Dodging
 + Level 2.6 Stealth
 + Level 6.3 Spellcasting
 + Level 1.4 Conjurations
 + Level 1.3 Summonings
 + Level 1.1 Translocations


You had 4 spell levels left.
You knew the following spells:

 Your Spells              Type           Power        Failure   Level  Hunger
a - Magic Dart            Conj           ##..         4%          1    None
b - Blink                 Tloc           N/A          8%          2    None
c - Call Imp              Summ           ##......     7%          2    None
d - Conjure Flame         Conj/Fire      ##......     17%         3    None
f - Mephitic Cloud        Conj/Pois/Air  ##......     19%         3    None

Your spell library contained the following spells:

 Spells                   Type           Power        Failure   Level  Hunger
 Slow                     Hex            #.......     12%         2    None


Dungeon Overview and Level Annotations

Branches:
Dungeon (4/15)
 Temple: D:4-7

Altars:
Ashenzari

Annotations:
D:3 Ijyb


Message History

Ijyb seems less confused.
Ijyb barely misses you.
Your iron imp hits Ijyb but does no damage.
You hit Ijyb but do no damage.
Ijyb is heavily wounded.
Ijyb hits you with a +6 club.
Your iron imp hits Ijyb but does no damage.
Casting: Magic Dart (safe; 4% risk of failure)
Confirm with . or Enter, or press ? or * to list all spells.
You blink.
Ijyb zaps a wand.
The puff of flame hits you.
Casting: Blink (safe; 8% risk of failure)
Confirm with . or Enter, or press ? or * to list all spells.
Aiming: Mephitic Cloud (safe; 19% risk of failure)
Press: ? - help, Shift-Dir - straight line, p - Ijyb The ball explodes into a vile cloud!
The stinking cloud engulfs Ijyb but does no damage.
Ijyb is heavily wounded.
Ijyb zaps a wand.
The puff of flame hits you!
Ouch! That really hurt!
You die...

## #.....♣♣ ♣.###....... .##
####..#<.♣♣ ♣.# #.......
..#####.........♣ ♣♣.###....5..
#.......####....♣♣♣♣♣.....5..>.<#
##......## #............g##.....#
....♣....# #...#####....##.......
...♣_♣.### ###.## ##...##.......
....♣..# #..#####g####.......
.......# ##.@..○○.# ##....##
.....### ######### ##..##. ######
##.#.. #.#.. #.#.. #÷#.. #.#..
#.##. #..##


You could see Ijyb.

Vanquished Creatures
  4 adders
  A worm (D:2)
  2 leopard geckos
  An orc (D:3)
  A ball python (D:2)
  4 goblins
  6 hobgoblins
  3 jackals (D:1)
  5 bats
  4 frilled lizards
  2 kobolds (D:2)
  10 rats
43 creatures vanquished.

Vanquished Creatures (collateral kills)
  2 worms (D:2)
  A leopard gecko (D:2)
3 creatures vanquished.

Grand Total: 46 creatures vanquished

Notes
Turn   | Place    | Note
-------+----------+-------------------------------------------
     0 | D:1      | doot the Deep Elf Wizard began the quest for the Orb.
     0 | D:1      | Reached XP level 1. HP: 10/10 MP: 7/7
   377 | D:1      | Reached XP level 2. HP: 13/15 MP: 4/9
   405 | D:1      | Reached skill level 5 in Spellcasting
   542 | D:1      | Learned a level 2 spell: Blink
   545 | D:1      | Learned a level 2 spell: Call Imp
  1129 | D:2      | Reached XP level 3. HP: 19/19 MP: 10/12
  2011 | D:2      | Reached skill level 6 in Spellcasting
  2229 | D:3      | Learned a level 3 spell: Conjure Flame
  2233 | D:3      | Learned a level 3 spell: Mephitic Cloud
  2241 | D:3      | Found a shattered altar of Ashenzari.
  2319 | D:3      | Found a faded altar of an unknown god.
  2522 | D:3      | Reached XP level 4. HP: 24/24 MP: 1/14
  2615 | D:4      | Noticed Ijyb
  2647 | D:3      | Killed from afar by Ijyb

Skill      XL: |  1  2  3 |
---------------+----------+-----
Spellcasting   | 5 6 |  6.3
Short Blades   | |  0.1
Dodging        | |  2.9
Stealth        | |  2.6
Conjurations   | |  1.4
Summonings     | |  1.3
Translocations | |  1.1

Action                   |  1- 3 |  4- 6 || total
-------------------------+-------+-------++-------
Melee: Dagger            |    24 |     4 ||    28
 Cast: Magic Dart        |    94 |     8 ||   102
       Call Imp          |     6 |     1 ||     7
       Blink             |     5 |     3 ||     8
       Mephitic Cloud    |     1 |     3 ||     4
       Conjure Flame     |     1 |       ||     1
 Stab: Sleeping          |     1 |       ||     1
       Confused          |       |     2 ||     2
  Eat: Chunk             |     4 |     1 ||     5
Armor: Robe              |    10 |     1 ||    11
Dodge: Dodged            |    25 |     4 ||    29
